 Dungeon Crawl Stone Soup version 0.30-a0-414-gcb316572d5 (webtiles) character file.

Game seed: 5546046166401368868

5306 jlumianski the Cleaver (level 10, -2/90 HPs)
             Began as a Minotaur Fighter on Dec 7, 2022.
             Was a Believer of Qazlal.
             Slain by an orc warrior
             ... wielding a +0 morningstar
              (6 damage)
             ... on level 11 of the Dungeon on Dec 8, 2022.
             The game lasted 00:43:14 (8623 turns).

jlumianski the Cleaver (Minotaur Fighter)           Turns: 8623, Time: 00:43:17

Health: -2/90      AC: 15    Str: 30    XL:     10   Next: 37%
Magic:  12/12      EV:  8    Int:  9    God:    Qazlal [**....]
Gold:   174        SH:  7    Dex:  9    Spells: 9/9 levels left

rFire   + . .      SeeInvis .    a - +1 war axe (drain)
rCold   . . .      Faith    .    c - +0 buckler
rNeg    . . .      Spirit   .    J - +0 plate armour
rPois   .          Reflect  .    (helmet restricted)
rElec   .          Harm     .    (no cloak)
rCorr   .          Rampage  .    o - +2 pair of gloves
Will    .....                    y - +2 pair of boots
Stlth   ..........               (no amulet)
HPRegen 0.35/turn                r - ring of protection from fire
MPRegen 0.13/turn                N - +6 ring of strength

@: no status effects
A: horns 2, retaliatory headbutt, clever 1, deformed body
a: Renounce Religion, Upheaval


You were on level 11 of the Dungeon.
You worshipped Qazlal.
Qazlal was pleased with you.
You visited 2 branches of the dungeon, and saw 14 of its levels.

You collected 546 gold pieces.
You spent 372 gold pieces at shops.

Inventory:

Hand Weapons
 a - a +1 war axe of draining (weapon)
 i - a +2 whip of electrocution
 l - a +0 vorpal sling
 n - a +1 whip of flaming
 u - the +1 dagger of Extermination {pain, *Rage rPois rC- MP+9}
   (You found it on level 3 of the Dungeon)

   In the hands of one skilled in necromantic magic, it inflicts extra damage on
   living creatures.
   rC:        It makes you vulnerable to cold.
   rPois:     It protects you from poison.
   MP:        It affects your magic capacity (+9).
   *Rage:     It berserks you when you make melee attacks (+20% chance).
 B - a +0 mace of draining
 E - a +1 vampiric spear
Missiles
 f - 90 stones
 q - 4 boomerangs (quivered)
 A - 18 poisoned darts
 H - a curare-tipped dart
Armour
 b - a +0 scale mail
 c - a +0 buckler (worn)
 o - a +2 pair of gloves (worn)
 y - a +2 pair of boots (worn)
 J - a +0 plate armour (worn)
Magical Staves
 K - a staff of poison
Jewellery
 r - a ring of protection from fire (left hand)
 N - a +6 ring of strength (right hand)
 P - a ring of wizardry
Wands
 w - a wand of flame (42)
 I - a wand of roots (19)
 L - a wand of light (14)
Scrolls
 e - 2 scrolls of summoning
 g - a scroll of poison
 h - 5 scrolls of teleportation
 s - a scroll of magic mapping
 z - a scroll of fear
 G - 2 scrolls of fog
 M - 2 scrolls of amnesia
 R - a scroll of enchant armour
Potions
 d - 3 potions of might
 j - 2 potions of attraction
 k - a potion of degeneration
 m - 7 potions of curing
 p - 2 potions of brilliance
 t - 2 potions of flight
 v - 2 potions of lignification
 x - a potion of ambrosia
 C - a potion of heal wounds
 D - a potion of invisibility
 F - 6 potions of berserk rage
 Q - a potion of magic
Miscellaneous
 O - a phantom mirror


   Skills:
 * Level 8.8 Fighting
 + Level 9.8 Axes
 + Level 2.2 Throwing
 + Level 8.5 Armour
 + Level 2.5 Dodging
 + Level 0.6 Stealth
 + Level 6.6 Shields
 * Level 5.0 Invocations
 * Level 4.6 Evocations


You had 9 spell levels left.
You didn't know any spells.
Your spell library contained the following spells:

 Spells                   Type           Power      Damage    Failure   Level
 Apportation              Tloc           0%         N/A       99%         1
 Beastly Appendage        Tmut           0%         N/A       99%         1
 Necrotise                Necr           0%         1d4       99%         1
 Summon Small Mammal      Summ           0%         N/A       99%         1
 Wereblood                Tmut           0%         N/A       99%         2
 Inner Flame              Hex/Fire       0%         N/A       100%        3
 Portal Projectile        Hex/Tloc       0%         N/A       100%        3
 Spider Form              Tmut/Pois      0%         N/A       100%        3
 Tukima's Dance           Hex            0%         N/A       100%        3
 Cause Fear               Hex            0%         N/A       100%        4
 Blade Hands              Tmut           0%         N/A       100%        5
 Discord                  Hex            0%         N/A       100%        8


Dungeon Overview and Level Annotations

Branches:
Dungeon (13/15)            Temple (1/1) D:5
   Lair: D:8-11         Orc: D:9-12      Vaults: D:13-14

Altars:
Ashenzari
Cheibriados
Dithmenos
Fedhas
Gozag
Hepliaklqana
Kikubaaqudgha
Makhleb
Nemelex Xobeh
Okawaru
Qazlal
Ru
Sif Muna
Trog
Uskayaw
Vehumet
Wu Jian
Xom
Yredelemnul
Zin
The Shining One

Shops:
D:6 *=*   D:8 !   D:9 *   D:10 :


Innate Abilities, Weirdness & Mutations

You have a pair of horns on your head.
You reflexively headbutt those who attack you in melee.
Your mind is acute. (Int +4, Str/Dex -1)
Armour fits poorly on your strangely shaped body.


Message History

You hit the orc warrior.
The orc warrior hits you with a +0 morningstar.
You barely miss the orc warrior.
The orc warrior is severely wounded.
You hear the faint crackling of a distant melting archway.
The orc warrior hits you but does no damage.
You barely miss the orc warrior. You headbutt the orc warrior.
The orc warrior is almost dead.
The orc warrior hits you with a +0 morningstar.
The boulder beetle curls into a ball and begins rolling!
You barely miss the orc warrior.
The orc warrior is almost dead.
You block the orc warrior's attack.
You barely miss the orc warrior.
You headbutt the orc warrior, but do no damage.
The orc warrior is almost dead.
The orc warrior hits you but does no damage.
You barely miss the orc warrior. Your headbutt misses the orc warrior.
The orc warrior is almost dead.
The boulder beetle hits you!!
* * * LOW HITPOINT WARNING * * *
The boulder beetle stops rolling and uncurls.
The orc warrior hits you with a +0 morningstar!
* * * LOW HITPOINT WARNING * * *
You feel much better.
The orc warrior hits you but does no damage.
The boulder beetle barely misses you.
You closely miss the orc warrior.
The orc warrior is almost dead.
You hit the boulder beetle but do no damage.
The boulder beetle bites you.
* * * LOW HITPOINT WARNING * * *
The orc warrior barely misses you.
You closely miss the orc warrior.
The orc warrior is almost dead.
You hit the boulder beetle but do no damage.
You drain the boulder beetle. The boulder beetle bites you!
* * * LOW HITPOINT WARNING * * *
The orc warrior hits you with a +0 morningstar.
You die...

######### #.......# #.......# ##
######.......#######.
*####............'..)..'.
*.........)......#######.
*......(o.)......# #.
****......â—‹@..#######*****#.
*,,>......Bâ—‹..#,,,,,,,,,,*##
*****,*,..........#,,,,,,,,,,***
*,,,,,*,..........#,,,,,,,,,,,,*
**,*****,......./..#,,,,,,,,,,,,*
**,*,,,,,.##########,,,,,,,,,,,,*
**,*,***,,* *,,,,,,,,,,,,*
,,,*,,**,,****** **********,,,*
****,,,,,,*,,,,* *,,,*


You could see a boulder beetle (drained) and an orc warrior (very drained).

Vanquished Creatures
  2 cyclopes (D:11)
  A kobold demonologist (D:9)
  A hornet (D:9)
  11 yaks (D:9)
  A warg (D:11)
  An ice beast (D:8)
  An orc warrior (D:7)
  A black bear (D:4)
  2 ogres
  3 centaurs
  2 kobold brigands
  2 necrophages
  2 bullfrogs
  2 scorpions
  10 wights
  4 killer bees
  A howler monkey (D:9)
  4 hounds
  A gnoll bouda (D:8)
  3 orc priests
  An iguana (D:7)
  An orc wizard (D:8)
  8 gnolls
  4 adders
  2 shadow imps
  An ufetubus (D:5)
  2 dart slugs
  28 orcs
  8 ball pythons
  8 endoplasms
  4 giant cockroaches
  7 goblins
  10 hobgoblins
  5 jackals
  4 quokkas
  8 bats
  6 frilled lizards
  A jackal skeleton (D:4)
  11 kobolds
  A kobold skeleton (D:4)
  13 rats
188 creatures vanquished.

Vanquished Creatures (others)
  3 fungi (D:1)
3 creatures vanquished.

Grand Total: 191 creatures vanquished

Notes
Turn   | Place    | Note
-------+----------+-------------------------------------------
     0 | D:1      | jlumianski the Minotaur Fighter began the quest for the
                  | Orb.
     0 | D:1      | Reached XP level 1. HP: 19/19 MP: 0/0
   118 | D:1      | Reached XP level 2. HP: 24/27 MP: 1/1
   556 | D:1      | Reached XP level 3. HP: 29/33 MP: 2/2
   813 | D:1      | Reached skill level 3 in Axes
  1060 | D:1      | Reached skill level 1 in Dodging
  1247 | D:2      | Found a faded altar of an unknown god.
  1401 | D:2      | Reached XP level 4. HP: 40/40 MP: 3/3
  1889 | D:5      | Entered Level 5 of the Dungeon
  1963 | D:3      | Identified the +1 dagger of Extermination {pain, *Rage
                  | rPois rC- MP+9}
  2185 | D:3      | Found a bloodstained altar of Trog.
  2490 | D:3      | Reached skill level 4 in Axes
  2964 | D:4      | Noticed a scorpion
  2972 | D:4      | Killed a scorpion
  2973 | D:4      | Reached XP level 5. HP: 29/46 MP: 4/4
  3188 | D:4      | Found a runed translucent door.
  3188 | D:4      | Noticed a human
  3224 | D:4      | Found a basalt altar of Yredelemnul.
  3579 | D:5      | Noticed a black bear
  3593 | D:4      | Killed a black bear
  3594 | D:4      | Reached skill level 5 in Armour
  3594 | D:4      | Reached XP level 6. HP: 46/55 MP: 5/5
  3665 | D:5      | Reached skill level 5 in Axes
  3693 | D:5      | Reached skill level 5 in Fighting
  3716 | D:5      | Reached skill level 5 in Shields
  3806 | D:5      | Reached XP level 7. HP: 36/61 MP: 6/6
  3893 | D:5      | Found a staircase to the Ecumenical Temple.
  3914 | Temple   | Entered the Ecumenical Temple
  3982 | Temple   | Became a worshipper of Qazlal Stormbringer
  4445 | D:6      | Found Oplioluupo's Jewellery Emporium.
  4587 | D:7      | Reached skill level 6 in Axes
  4587 | D:7      | Reached skill level 1 in Invocations
  4587 | D:7      | Reached skill level 1 in Evocations
  4718 | D:8      | Found a flagged portal.
  4836 | D:8      | Found Unuthuxaa's Distillery.
  4885 | D:8      | Bought a potion of heal wounds for 60 gold pieces
  4885 | D:8      | Bought a potion of berserk rage for 60 gold pieces
  4975 | D:8      | Reached XP level 8. HP: 53/69 MP: 8/8
  5258 | D:8      | Reached * piety under Qazlal
  5296 | D:7      | Reached skill level 7 in Axes
  5498 | D:8      | Found Zin's Purification Station.
  5508 | D:7      | Reached skill level 1 in Throwing
  5546 | D:8      | Found a glowing silver altar of Zin.
  5549 | D:8      | Bought 2 potions of curing for 180 gold pieces
  6182 | D:6      | Found Hyrawaf's General Store.
  6187 | D:6      | Bought a scroll of identify for 24 gold pieces
  6187 | D:6      | Bought a scroll of identify for 24 gold pieces
  6187 | D:6      | Bought a scroll of identify for 24 gold pieces
  6318 | D:6      | Found Rymm's General Store.
  6446 | D:6      | Reached skill level 8 in Axes
  6736 | D:8      | Reached XP level 9. HP: 78/78 MP: 10/10
  6905 | D:10     | Entered Level 10 of the Dungeon
  7158 | D:10     | Found Huuck's Book Emporium.
  7285 | D:9      | Noticed a kobold demonologist
  7331 | D:9      | Gained mutation: Armour fits poorly on your strangely
                  | shaped body. [a neqoxec]
  7338 | D:9      | Gained mutation: Your mind is acute. (Int +4, Str/Dex -1)
                  | [a neqoxec]
  7343 | D:9      | Killed a kobold demonologist
  7433 | D:9      | Reached skill level 9 in Axes
  7594 | D:9      | Paralysed by a hornet for 1 turns
  7739 | D:9      | Found a glowing golden altar of the Shining One.
  7739 | D:9      | Found a shadowy altar of Dithmenos.
  7822 | D:9      | Reached ** piety under Qazlal
  7823 | D:9      | Reached XP level 10. HP: 52/88 MP: 12/12
  8014 | D:9      | Found Nyid's Lightly-Used Armoury.
  8508 | D:11     | Noticed a cyclops
  8513 | D:11     | Killed a cyclops
  8605 | D:11     | Noticed a cyclops
  8607 | D:11     | Noticed a boulder beetle
  8614 | D:11     | Killed a cyclops
  8615 | D:11     | Reached skill level 5 in Invocations
  8620 | D:11     | HP: 3/90 [orc warrior/+0 morningstar (8)]
  8623 | D:11     | Slain by an orc warrior

Illustrated notes

Levels and vault maps discovered:
D:1:      dpeg_arrival_prison, layout_loops_ring, minmay_domino_4
D:2:      layout_basic, hellmonk_ecumenical_altar_crossroads,
          reono_crystal_passage
D:3:      minmay_thinvault, layout_basic, trog_three_pillars_becter
D:4:      layout_gridville, dk_yredelemnul_ordeal, kennysheep_donut,
          kennysheep_generic_room_12
D:5:      layout_cave_pools, minmay_temple_entry_offerings
D:6:      layout_loops_corners, serial_shops, shop, nicolae_take_the_stairs,
          shop
D:7:      layout_rooms, dk_vineyard_3
D:8:      layout_basic, zin_purify, serial_corexii_hall, corexii_hall_statues_s,
          chequers_hall_statues_corner_a, enter_bailey_8, serial_shops,
          nicolae_shop_stone, hangedman_abyss_or_decor_stabs,
          grunt_decor_resistance
D:9:      layout_cave_pods, nicolae_overflow_two_pavilions, minmay_shop_damaged,
          kennysheep_generic_room_16
D:10:     lemuel_insect_pit, layout_stronghold, elyvilon_altar_3,
          grunt_lair_entry_orc_guard_hut, serial_shops, nicolae_shop_waterfront,
          serial_glass, glass_columns_a, glass_columns_a,
          nicolae_trove_entry_crossroad, chequers_serial_rivers_micro_d,
          kennysheep_generic_room_4, uniq_gastronok, uniq_josephine
D:11:     layout_basic, portal_ice_cave_rime, chequers_serial_rivers_large_b
D:12:     layout_loops_cross, erik_orc_4, kennysheep_generic_room_8,
          uniq_maurice
D:13:     layout_basic, grunt_decor_arrowhead, uniq_kirke, uniq_urug
Temple:   eino_temple_rhombus

Skill      XL: |  1  2  3  4  5  6  7  8  9 10 |
---------------+-------------------------------+-----
Armour         | 4 5 6 8 |  8.5
Shields        | 4 5 6 |  6.6
Fighting       | 4 5 6 8 |  8.8
Axes           | 3 4 5 6 8 9 |  9.8
Dodging        | 1 2 |  2.5
Invocations    | 1 3 4 5 |  5.0
Evocations     | 1 3 4 |  4.6
Throwing       | 1 2 |  2.2
Stealth        | |  0.6

Action                   |  1- 3 |  4- 6 |  7- 9 | 10-12 || total
-------------------------+-------+-------+-------+-------++-------
Melee: War axe           |    89 |   133 |   201 |    37 ||   460
       Headbutt          |    14 |    14 |    39 |     8 ||    75
Throw: Boomerang         |       |     8 |     9 |       ||    17
Evoke: Wand              |       |       |     1 |       ||     1
       Phantom mirror    |       |       |     1 |       ||     1
  Use: Scroll            |       |    10 |    10 |     4 ||    24
       Potion            |       |     3 |       |     1 ||     4
Armor: Scale mail        |    64 |    85 |    38 |       ||   187
       Plate armour      |       |       |    85 |    20 ||   105
Dodge: Dodged            |    56 |    77 |    97 |    18 ||   248
Block: Buckler           |    26 |    32 |    80 |    22 ||   160

Table legend: (Time is in decaauts)
 A = Elapsed time spent in this place.
 B = Non-inter-level travel time spent in this place.
 C = Inter-level travel time spent in this place.
 D = Time resting spent in this place.
 E = Time spent auto-exploring this place.
 F = Levels seen in this place.
 G = Mean time per level.
                   A        B        C        D        E       F      G
               +--------+--------+--------+--------+--------+-----+--------+
         Total |   8786 |   8505 |    281 |     94 |   4366 |  14 |  627.6 |
       Dungeon |   8698 |   8417 |    281 |     94 |   4366 |  13 |  669.1 |
        Temple |     87 |     87 |      0 |      0 |      0 |   1 |   87.0 |
               +--------+--------+--------+--------+--------+-----+--------+

Top non-repeatable levels by time:
     D:9: 1443 daAuts
     D:1: 1141 daAuts
     D:8: 1035 daAuts
     D:3: 1003 daAuts
     D:6: 904 daAuts
     D:4: 862 daAuts
     D:7: 693 daAuts
     D:2: 642 daAuts
     D:5: 635 daAuts
    D:10: 178 daAuts
    D:11: 120 daAuts
  Temple: 87 daAuts
    D:12: 36 daAuts
    D:13: 1 daAuts
